[ PARTIDA AOE2 · #478779378 ]
UnrankedTupíes vs Vietnamese
[ ANÁLISIS DE REPETICIÓN · EXTRAÍDO DE LA PARTIDA GRABADA ]
Feudal
9:18
Castillos
20:29
Imperial
33:25
| APM promedio | 32.4 |
| APM pico | 106 |
| eAPM promedio | 11.7 |
| Aldeanos / militares | 46 / 54 |
Foco
⚔️ 33.7% · 🌾 66.3%
Archer ×46 · Unknown (2582) ×22 · Monk ×6 · Trebuchet (Packed) ×2
Feudal
9:35
Castillos
20:21
Imperial
—
| APM promedio | 50.0 |
| APM pico | 83 |
| eAPM promedio | 28.5 |
| Aldeanos / militares | 83 / 55 |
Foco
⚔️ 24.6% · 🌾 75.4%
Rattan Archer ×41 · Unknown (2626) ×14 · Fishing Ship ×9 · Mangonel ×6 · Skirmisher ×2 · Battle Elephant ×2
Feudal
10:02
Castillos
31:31
Imperial
—
| APM promedio | 15.3 |
| APM pico | 31 |
| eAPM promedio | 9.9 |
| Aldeanos / militares | 44 / 39 |
Foco
⚔️ 31.4% · 🌾 68.6%
Unknown (2550) ×32 · Fishing Ship ×23 · Demolition Raft ×15 · Archer ×10 · Battering Ram ×6 · Unknown (2626) ×5
Mapa de la partida
Recursos iniciales + cada clic de construcción. Líneas = muros · curvas = relieve. ◆ oro · ⬟ piedra · ● bayas · ✦ reliquia · ◌ hueco del cierre
Tu base· ✓ Cerrada en 20:29 · 53t muro · 2 puerta(s)
Base de schlauchnase· Abierta — flanco sin cerrar
Base de oldfishmask· ✓ Cerrada en 31:31 · 0t muro · sin puerta
Terreno inicial suavizado · ◌ = hueco del cierre detectado · pasá el cursor para detalles
Inputs por minuto
— LeStruem - - schlauchnase
Build order — LeStruem
Primeras 150 de 176 acciones detectadas
| 0:14 | Construir | Town Center |
| 1:06 | Crear | Villager (Male) |
| 1:07 | Crear | Villager (Male) |
| 1:07 | Crear | Villager (Male) |
| 1:07 | Crear | Villager (Male) |
| 2:27 | Crear | Villager (Male) |
| 3:03 | Crear | Villager (Male) |
| 3:15 | Crear | Villager (Male) |
| 3:44 | Crear | Villager (Male) |
| 3:57 | Construir | House |
| 4:18 | Crear | Villager (Male) |
| 4:58 | Crear | Villager (Male) |
| 5:23 | Crear | Villager (Male) |
| 6:13 | Crear | Villager (Male) |
| 6:20 | Construir | Settlement |
| 6:43 | Investigar | Loom |
| 6:51 | Investigar | Feudal Age |
| 8:46 | Construir | Barracks |
| 8:49 | Crear | Villager (Male) |
| 8:55 | Construir | House |
| 8:59 | Construir | Palisade Wall |
| 9:18 | Edad | Edad Feudal |
| 9:20 | Construir | Farm |
| 9:49 | Construir | Archery Range |
| 10:08 | Investigar | Double-Bit Axe |
| 10:31 | Construir | House |
| 10:33 | Crear | Archer |
| 10:40 | Construir | House |
| 10:42 | Construir | Palisade Wall |
| 10:54 | Crear | Villager (Male) |
| 10:54 | Crear | Villager (Male) |
| 10:56 | Crear | Villager (Male) |
| 10:57 | Crear | Villager (Male) |
| 11:03 | Crear | Archer |
| 11:18 | Crear | Archer |
| 11:28 | Investigar | Gold Mining |
| 11:31 | Crear | Villager (Male) |
| 11:36 | Construir | Palisade Wall |
| 11:39 | Crear | Villager (Male) |
| 11:48 | Construir | Farm |
| 11:55 | Construir | Farm |
| 11:56 | Crear | Villager (Male) |
| 12:11 | Crear | Villager (Male) |
| 12:19 | Crear | Archer |
| 12:37 | Crear | Archer |
| 12:43 | Crear | Villager (Male) |
| 12:57 | Construir | Archery Range |
| 13:03 | Crear | Archer |
| 14:23 | Crear | Archer |
| 14:24 | Crear | Archer |
| 14:53 | Crear | Villager (Male) |
| 14:53 | Crear | Villager (Male) |
| 15:01 | Construir | Settlement |
| 15:04 | Crear | Villager (Male) |
| 15:46 | Crear | Archer |
| 15:50 | Construir | House |
| 15:56 | Crear | Villager (Male) |
| 16:02 | Construir | House |
| 16:06 | Construir | Farm |
| 16:07 | Construir | Farm |
| 16:08 | Construir | Farm |
| 16:10 | Crear | Villager (Male) |
| 16:16 | Construir | Palisade Wall |
| 16:22 | Construir | Palisade Gate |
| 16:23 | Crear | Villager (Male) |
| 16:45 | Construir | Blacksmith |
| 16:46 | Crear | Villager (Male) |
| 16:56 | Construir | Palisade Wall |
| 17:01 | Construir | Palisade Wall |
| 17:05 | Construir | Palisade Gate |
| 17:08 | Crear | Villager (Male) |
| 17:14 | Crear | Archer |
| 17:14 | Crear | Archer |
| 17:42 | Construir | Farm |
| 17:44 | Construir | Farm |
| 17:45 | Crear | Villager (Male) |
| 17:49 | Investigar | Castle Age |
| 18:13 | Crear | Archer |
| 18:18 | Construir | Farm |
| 18:23 | Construir | Farm |
| 18:29 | Investigar | Horse Collar |
| 19:19 | Crear | Villager (Male) |
| 19:24 | Construir | Farm |
| 19:25 | Construir | Farm |
| 19:46 | Crear | Archer |
| 19:46 | Crear | Archer |
| 19:53 | Investigar | Fletching |
| 20:07 | Construir | Palisade Wall |
| 20:29 | Edad | Edad de los Castillos |
| 20:40 | Investigar | Bodkin Arrow |
| 20:52 | Construir | Town Center |
| 21:00 | Crear | Villager (Male) |
| 21:30 | Investigar | Crossbowman (upgrade) |
| 21:30 | Crear | Archer |
| 21:30 | Crear | Archer |
| 21:42 | Crear | Archer |
| 21:43 | Crear | Archer |
| 21:48 | Construir | House |
| 22:03 | Crear | Villager (Male) |
| 22:03 | Crear | Villager (Male) |
| 22:12 | Construir | Monastery |
| 22:15 | Crear | Villager (Male) |
| 22:15 | Crear | Villager (Male) |
| 22:17 | Crear | Archer |
| 22:17 | Crear | Archer |
| 22:18 | Crear | Archer |
| 23:33 | Crear | Monk |
| 23:38 | Construir | University |
| 23:44 | Crear | Monk |
| 23:48 | Construir | Farm |
| 23:51 | Construir | Farm |
| 24:06 | Investigar | Padded Archer Armor |
| 24:32 | Crear | Archer |
| 24:33 | Crear | Archer |
| 24:41 | Crear | Archer |
| 24:41 | Crear | Archer |
| 26:04 | Construir | Barracks |
| 27:02 | Crear | Archer ×5 |
| 27:07 | Crear | Unit 2582 ×5 |
| 27:11 | Crear | Unit 2582 ×5 |
| 27:16 | Investigar | Leather Archer Armor |
| 27:17 | Investigar | Forging |
| 27:55 | Crear | Archer ×5 |
| 28:00 | Construir | Archery Range |
| 28:02 | Construir | Barracks |
| 28:39 | Crear | Monk |
| 28:39 | Crear | Monk |
| 29:08 | Crear | Unit 2582 ×5 |
| 29:18 | Construir | House |
| 29:19 | Construir | House |
| 30:15 | Investigar | Imperial Age |
| 30:24 | Crear | Villager (Male) |
| 30:54 | Crear | Archer |
| 30:54 | Crear | Archer |
| 30:57 | Crear | Unit 2582 |
| 31:16 | Construir | Settlement |
| 31:19 | Crear | Villager (Male) |
| 31:19 | Crear | Villager (Male) |
| 31:59 | Crear | Monk |
| 31:59 | Crear | Monk |
| 32:08 | Crear | Unit 2582 |
| 32:09 | Crear | Unit 2582 |
| 32:10 | Crear | Archer ×2 |
| 32:12 | Investigar | Scale Mail Armor |
| 32:35 | Construir | Farm |
| 32:45 | Investigar | Heavy Plow |
| 32:49 | Investigar | Ballistics |
| 33:21 | Construir | Castle |
| 33:25 | Edad | Edad Imperial |
| 33:26 | Construir | Settlement |
Build order — schlauchnase
Primeras 150 de 231 acciones detectadas
| 0:57 | Construir | Town Center |
| 1:51 | Crear | Villager (Male) |
| 1:51 | Crear | Villager (Male) |
| 1:52 | Crear | Villager (Male) |
| 1:58 | Construir | Dock |
| 2:02 | Crear | Villager (Male) |
| 2:27 | Crear | Villager (Male) |
| 3:09 | Crear | Fishing Ship |
| 3:44 | Crear | Villager (Male) |
| 4:24 | Crear | Villager (Male) |
| 4:24 | Crear | Villager (Male) |
| 4:33 | Crear | Villager (Male) |
| 4:36 | Crear | Villager (Male) |
| 4:42 | Crear | Villager (Male) |
| 4:43 | Crear | Fishing Ship |
| 4:44 | Crear | Fishing Ship |
| 4:52 | Crear | Villager (Male) |
| 5:09 | Crear | Villager (Male) |
| 5:29 | Construir | House |
| 5:31 | Construir | House |
| 5:35 | Crear | Fishing Ship |
| 5:45 | Investigar | Loom |
| 6:07 | Crear | Villager (Male) |
| 6:15 | Crear | Villager (Male) |
| 6:33 | Construir | Mill |
| 6:44 | Construir | Palisade Wall |
| 6:48 | Crear | Villager (Male) |
| 7:05 | Construir | Palisade Wall |
| 7:11 | Investigar | Feudal Age |
| 7:35 | Construir | Palisade Wall |
| 7:57 | Construir | House |
| 8:39 | Construir | Dock |
| 9:32 | Construir | Palisade Wall |
| 9:35 | Edad | Edad Feudal |
| 9:38 | Crear | Unit 2626 |
| 9:38 | Crear | Unit 2626 |
| 9:41 | Crear | Villager (Male) |
| 9:43 | Crear | Villager (Male) |
| 9:52 | Crear | Unit 2626 |
| 9:52 | Crear | Unit 2626 |
| 10:05 | Crear | Villager (Male) |
| 10:12 | Crear | Villager (Male) |
| 10:22 | Crear | Villager (Male) |
| 10:26 | Crear | Unit 2626 |
| 10:43 | Construir | House |
| 10:58 | Crear | Villager (Male) |
| 11:08 | Construir | Lumber Camp |
| 11:25 | Construir | House |
| 11:32 | Crear | Villager (Male) |
| 11:38 | Crear | Villager (Male) |
| 12:02 | Construir | Palisade Gate |
| 12:03 | Construir | Palisade Wall |
| 12:10 | Crear | Fire Galley |
| 12:14 | Crear | Villager (Male) |
| 12:28 | Crear | Villager (Male) |
| 12:32 | Investigar | Double-Bit Axe |
| 12:35 | Crear | Villager (Male) |
| 12:38 | Construir | Farm |
| 12:41 | Crear | Fishing Ship |
| 13:12 | Construir | House |
| 13:12 | Construir | House |
| 13:21 | Crear | Galley |
| 13:26 | Crear | Villager (Male) |
| 13:30 | Construir | Farm |
| 13:41 | Crear | Villager (Male) |
| 13:52 | Crear | Villager (Male) |
| 13:59 | Crear | Villager (Male) |
| 14:06 | Construir | Blacksmith |
| 14:07 | Crear | Villager (Male) |
| 14:09 | Construir | House |
| 14:09 | Crear | Villager (Male) |
| 14:16 | Crear | Villager (Male) |
| 14:20 | Construir | Farm |
| 14:20 | Crear | Villager (Male) |
| 14:52 | Crear | Fishing Ship |
| 15:16 | Crear | Villager (Male) |
| 15:36 | Construir | Barracks |
| 15:42 | Crear | Villager (Male) |
| 16:00 | Crear | Unit 2626 |
| 16:04 | Crear | Villager (Male) |
| 16:16 | Crear | Villager (Male) |
| 16:24 | Crear | Unit 2626 |
| 16:27 | Crear | Villager (Male) |
| 16:31 | Crear | Villager (Male) |
| 16:41 | Construir | Mining Camp |
| 17:04 | Construir | Farm |
| 17:09 | Construir | Market |
| 17:21 | Construir | House |
| 17:22 | Construir | House |
| 17:41 | Investigar | Castle Age |
| 18:14 | Investigar | Fletching |
| 18:14 | Investigar | Padded Archer Armor |
| 18:35 | Construir | Archery Range |
| 18:38 | Construir | House |
| 19:10 | Crear | Villager (Male) |
| 20:13 | Crear | Skirmisher |
| 20:13 | Crear | Skirmisher |
| 20:21 | Edad | Edad de los Castillos |
| 20:31 | Crear | Villager (Male) |
| 20:34 | Crear | Villager (Male) |
| 20:38 | Construir | Stable |
| 20:44 | Construir | Siege Workshop |
| 21:07 | Crear | Villager (Male) |
| 21:22 | Construir | Castle |
| 21:24 | Crear | Villager (Male) |
| 21:32 | Construir | Farm |
| 21:34 | Crear | Mangonel |
| 21:34 | Crear | Mangonel |
| 21:44 | Crear | Villager (Male) |
| 21:50 | Crear | Scorpion |
| 21:55 | Crear | Unit 2626 |
| 21:55 | Crear | Unit 2626 |
| 22:04 | Construir | Farm |
| 22:17 | Crear | Villager (Male) |
| 22:33 | Crear | Villager (Male) |
| 22:40 | Crear | Villager (Male) |
| 23:02 | Construir | Stable |
| 23:12 | Crear | Villager (Male) |
| 23:21 | Construir | Mining Camp |
| 23:23 | Crear | Rattan Archer |
| 23:24 | Crear | Rattan Archer |
| 23:25 | Crear | Villager (Male) |
| 23:53 | Crear | Unit 2626 |
| 23:58 | Crear | Villager (Male) |
| 24:01 | Crear | Rattan Archer |
| 24:04 | Investigar | Bodkin Arrow |
| 24:04 | Investigar | Bodkin Arrow |
| 24:10 | Crear | Battle Elephant |
| 24:17 | Crear | Rattan Archer |
| 24:32 | Crear | Rattan Archer |
| 24:45 | Crear | Villager (Male) |
| 25:00 | Crear | Rattan Archer |
| 25:00 | Crear | Rattan Archer |
| 25:08 | Crear | Battle Elephant |
| 25:37 | Crear | Mangonel |
| 25:58 | Crear | Villager (Male) |
| 26:15 | Crear | Rattan Archer |
| 26:16 | Crear | Rattan Archer |
| 27:10 | Crear | Villager (Male) |
| 27:21 | Crear | Villager (Male) |
| 27:55 | Crear | Rattan Archer |
| 27:55 | Crear | Rattan Archer |
| 28:08 | Crear | Villager (Male) |
| 28:13 | Construir | House |
| 28:50 | Crear | Villager (Male) |
| 29:03 | Crear | Rattan Archer |
| 29:08 | Construir | House |
| 29:28 | Crear | Villager (Male) |
| 29:48 | Crear | Rattan Archer |
| 30:00 | Crear | Rattan Archer |
Build order — oldfishmask
Primeras 150 de 162 acciones detectadas
| 0:35 | Construir | Town Center |
| 2:05 | Crear | Villager (Male) |
| 2:05 | Crear | Villager (Male) |
| 2:06 | Crear | Villager (Male) |
| 2:06 | Crear | Villager (Male) |
| 2:18 | Construir | House |
| 3:24 | Construir | Dock |
| 3:41 | Crear | Villager (Male) |
| 3:42 | Crear | Villager (Male) |
| 3:42 | Crear | Villager (Male) |
| 4:12 | Crear | Fishing Ship |
| 4:33 | Crear | Villager (Male) |
| 4:33 | Crear | Villager (Male) |
| 4:59 | Crear | Villager (Male) |
| 5:01 | Crear | Fishing Ship |
| 6:11 | Crear | Villager (Male) |
| 6:13 | Crear | Villager (Male) |
| 6:59 | Construir | Settlement |
| 7:27 | Investigar | Loom |
| 7:40 | Crear | Villager (Male) |
| 7:42 | Crear | Fishing Ship |
| 7:49 | Investigar | Feudal Age |
| 7:54 | Crear | Villager (Male) |
| 7:54 | Crear | Villager (Male) |
| 8:39 | Construir | Barracks |
| 8:46 | Crear | Villager (Male) |
| 8:46 | Crear | Villager (Male) |
| 9:32 | Crear | Unit 2550 |
| 9:32 | Crear | Unit 2550 |
| 9:41 | Construir | House |
| 10:02 | Edad | Edad Feudal |
| 10:12 | Crear | Fire Galley |
| 10:13 | Crear | Fire Galley |
| 10:21 | Crear | Villager (Male) |
| 10:55 | Investigar | Tech 1402 |
| 11:04 | Crear | Unit 2550 |
| 11:44 | Crear | Villager (Male) |
| 11:44 | Crear | Villager (Male) |
| 12:12 | Crear | Fire Galley |
| 12:13 | Crear | Fire Galley |
| 12:30 | Crear | Demolition Raft |
| 12:31 | Crear | Demolition Raft |
| 12:38 | Crear | Unit 2550 |
| 12:40 | Crear | Villager (Male) |
| 13:40 | Crear | Villager (Male) |
| 13:42 | Crear | Villager (Male) |
| 13:43 | Investigar | Wheelbarrow |
| 14:07 | Crear | Unit 2550 |
| 14:24 | Crear | Unit 2626 |
| 14:25 | Crear | Unit 2626 |
| 14:55 | Investigar | Arson |
| 15:17 | Construir | House |
| 16:00 | Crear | Unit 2626 |
| 16:10 | Crear | Villager (Male) |
| 16:10 | Crear | Villager (Male) |
| 16:11 | Crear | Villager (Male) |
| 16:18 | Crear | Unit 2550 |
| 16:18 | Crear | Unit 2550 |
| 16:20 | Crear | Unit 2550 |
| 16:26 | Construir | Settlement |
| 17:39 | Crear | Unit 2550 |
| 17:57 | Crear | Unit 2626 |
| 17:57 | Crear | Unit 2626 |
| 18:05 | Construir | Archery Range |
| 18:56 | Crear | Villager (Male) |
| 18:57 | Crear | Villager (Male) |
| 18:58 | Crear | Villager (Male) |
| 19:09 | Construir | Settlement |
| 19:32 | Crear | Demolition Raft |
| 19:32 | Crear | Demolition Raft |
| 19:44 | Crear | Villager (Male) |
| 19:45 | Crear | Villager (Male) |
| 19:50 | Construir | Farm |
| 19:54 | Investigar | Double-Bit Axe |
| 19:55 | Investigar | Horse Collar |
| 20:18 | Crear | Villager (Male) |
| 20:28 | Crear | Demolition Raft |
| 21:03 | Crear | Demolition Raft |
| 21:03 | Crear | Demolition Raft |
| 21:08 | Construir | House |
| 21:55 | Crear | Unit 2550 ×5 |
| 22:15 | Crear | Archer ×5 |
| 22:16 | Crear | Archer ×5 |
| 22:21 | Crear | Unit 2550 ×3 |
| 22:34 | Crear | Demolition Raft |
| 22:35 | Crear | Demolition Raft |
| 24:56 | Construir | Market |
| 25:00 | Construir | Blacksmith |
| 25:50 | Investigar | Castle Age |
| 27:13 | Construir | Town Center |
| 27:35 | Construir | Barracks |
| 28:26 | Crear | Demolition Raft |
| 28:30 | Crear | Fishing Ship |
| 28:30 | Crear | Fishing Ship |
| 28:30 | Crear | Fishing Ship |
| 28:45 | Crear | Spearman |
| 28:46 | Crear | Spearman |
| 28:46 | Crear | Spearman |
| 28:51 | Investigar | Castle Age |
| 29:07 | Construir | Settlement |
| 29:13 | Crear | Villager (Male) |
| 29:14 | Crear | Villager (Male) |
| 29:20 | Crear | Demolition Raft |
| 29:20 | Crear | Demolition Raft |
| 29:24 | Crear | Fishing Ship |
| 29:25 | Crear | Fishing Ship |
| 29:25 | Crear | Fishing Ship |
| 29:31 | Crear | Fishing Ship |
| 29:31 | Crear | Fishing Ship |
| 29:39 | Crear | Spearman |
| 29:50 | Construir | Blacksmith |
| 30:01 | Crear | Villager (Male) |
| 30:01 | Crear | Villager (Male) |
| 30:01 | Crear | Villager (Male) |
| 30:42 | Investigar | Scale Mail Armor |
| 30:43 | Investigar | Forging |
| 30:52 | Crear | Unit 2550 ×5 |
| 31:30 | Crear | Fishing Ship |
| 31:30 | Crear | Fishing Ship |
| 31:30 | Crear | Fishing Ship |
| 31:31 | Edad | Edad de los Castillos |
| 31:40 | Crear | Villager (Male) |
| 31:47 | Construir | Farm |
| 32:01 | Construir | Settlement |
| 32:51 | Construir | Siege Workshop |
| 33:20 | Investigar | Tech 1351 |
| 33:28 | Investigar | Squires |
| 33:30 | Crear | Unit 2550 |
| 33:34 | Crear | Battering Ram |
| 33:34 | Crear | Battering Ram |
| 33:38 | Crear | Battering Ram |
| 34:10 | Investigar | Bow Saw |
| 34:38 | Construir | House |
| 35:31 | Crear | Battering Ram |
| 35:35 | Crear | Battering Ram |
| 35:38 | Crear | Villager (Male) ×5 |
| 35:48 | Construir | House |
| 35:50 | Construir | House |
| 35:58 | Crear | Unit 2550 |
| 35:59 | Crear | Unit 2550 |
| 36:15 | Crear | Battering Ram |
| 36:27 | Investigar | Chain Mail Armor |
| 36:31 | Crear | Villager (Male) |
| 36:48 | Crear | Demolition Raft |
| 36:48 | Crear | Demolition Raft |
| 37:00 | Construir | House |
| 37:36 | Construir | Barracks |
| 37:54 | Crear | Demolition Raft |
| 37:58 | Crear | Fishing Ship |
| 37:58 | Crear | Fishing Ship |
Cronología de la partida
| 1:58 | schlauchnase · first_building Dock |
| 3:24 | oldfishmask · first_building Dock |
| 6:44 | schlauchnase · wall_segment Palisade Wall x3 |
| 7:05 | schlauchnase · wall_segment Palisade Wall x2 |
| 7:35 | schlauchnase · wall_segment Palisade Wall x4 |
| 8:39 | oldfishmask · first_building Barracks |
| 8:46 | LeStruem · first_building Barracks |
| 8:59 | LeStruem · wall_segment Palisade Wall x2 |
| 9:18 | LeStruem · age_up feudal |
| 9:32 | schlauchnase · wall_segment Palisade Wall x1 |
| 9:35 | schlauchnase · age_up feudal |
| 9:49 | LeStruem · first_building Archery Range |
| 10:02 | oldfishmask · age_up feudal |
| 10:42 | LeStruem · wall_segment Palisade Wall x4 |
| 11:36 | LeStruem · wall_segment Palisade Wall x8 |
| 12:03 | schlauchnase · wall_segment Palisade Wall x1 |
| 15:36 | schlauchnase · first_building Barracks |
| 16:16 | LeStruem · wall_segment Palisade Wall x11 |
| 16:56 | LeStruem · wall_segment Palisade Wall x14 |
| 17:01 | LeStruem · wall_segment Palisade Wall x8 |
| 18:05 | oldfishmask · first_building Archery Range |
| 18:35 | schlauchnase · first_building Archery Range |
| 20:07 | LeStruem · wall_segment Palisade Wall x6 |
| 20:21 | schlauchnase · age_up castle |
| 20:29 | LeStruem · age_up castle |
| 20:38 | schlauchnase · first_building Stable |
| 20:44 | schlauchnase · first_building Siege Workshop |
| 21:22 | schlauchnase · first_building Castle |
| 22:12 | LeStruem · first_building Monastery |
| 23:18 | schlauchnase · first_market_buy 100 wood |
| 31:31 | oldfishmask · age_up castle |
| 32:51 | oldfishmask · first_building Siege Workshop |
| 33:21 | LeStruem · first_building Castle |
| 33:25 | LeStruem · age_up imperial |
| 33:45 | schlauchnase · first_market_sell 100 wood |
| 40:08 | schlauchnase · resign |
[ ANÁLISIS IA · 1 CRÉDITO ]
¿Qué pasó realmente en esta partida?
Wolo.gg analiza cada decisión: build order, eco, micro, errores típicos por bracket. Análisis personalizado por WhatsApp o Discord en 30 segundos.
Guía civ
Tupíes
Guía mapa
WM26 - Coast to Mountain (Custom)
Perfil
Jugador #498295